[Event "Titled Tuesday Blitz April 12 Early 2022"]
[White "Sanchez, Robert"]
[Black "Rostovtsev, Dmitry"]
[WhiteFideId "2034360"]
[BlackFideId "34278320"]
[WhiteElo "2359"]
[BlackElo "2272"]
[Result "1/2-1/2"]
[Round "01"]
[TimeControl "180+1"]
[Date "2022.04.13"]
[WhiteClock "0:00:04"]
[BlackClock "0:00:07"]

1. e4 e5 2. Nf3 Nc6 3. Bb5 a6 4. Ba4 Nge7 5. c3 d6 6. O-O g6 7. d4 Bd7 8. Bc2 Bg7 9. h3 O-O 10. Be3 f5 11. dxe5 f4 12. Bc1 Nxe5 13. Bb3+ Kh8 14. Nxe5 Bxe5 15. Nd2 Nc6 16. Nf3 Bg7 17. Bd5 Qe7 18. Re1 Rab8 19. Bxc6 Bxc6 20. Nd4 Bd7 21. f3 Rbe8 22. Nc2 Qg5 23. Kh1 Re5 24. Qe2 Qh4 25. Qf1 g5 26. Bd2 g4 27. fxg4 f3 28. Re3 Bxg4 29. Kg1 fxg2 30. Qxg2 Bh5 31. Rg3 Bg6 32. Re1 Rxe4 33. Rxg6 Rxe1+ 34. Bxe1 Qe7 35. Rg4 Bf6 36. Bf2 c5 37. Ne3 Qe6 38. Nd5 Be5 39. c4 b5 40. b3 bxc4 41. bxc4 Rb8 42. Bg3 Bd4+ 43. Kh2 Rb1 44. Bf2 Be5+ 45. Bg3 Bd4 46. Bf2 Be5+ 47. Nf4 Qf7 48. Bg3 Bd4 49. Ne2 Rb2 50. Rf4 Qg7 51. Qa8+ Qg8 52. Qf3 Bg7 53. Bf2 Qe8 54. Re4 Qf8 55. Qxf8+ Bxf8 56. Kg3 Kg8 57. Kf3 Rxa2 58. Bg3 Ra3+ 59. Kg4 Kf7 60. Nf4 a5 61. Nd5 a4 62. Rf4+ Ke8 63. Nf6+ Kd8 64. Nxh7 Be7 65. Bh4 Bxh4 66. Kxh4 Ra1 67. Rf7 a3 68. Nf6 Kc8 69. Ra7 Kb8 70. Ra4 a2 71. Nd5 Kb7 72. Kh5 Rh1 73. Rxa2 Rxh3+ 74. Kg6 Rd3 75. Rc2 Kc6 76. Kf6 Rd4 77. Ke6 Re4+ 78. Kf7 Rd4 79. Ke7 Re4+ 80. Kd8 Rxc4 81. Rxc4 Kxd5 82. Rc1 c4 83. Kd7 Kc5 84. Ke6 d5 85. Ke5 d4 86. Ke4 d3 87. Ke3 Kb4 88. Kd4 d2 89. Rd1 c3 90. Kd3 Kb3 91. Rxd2 cxd2 92. Kxd2 1/2-1/2


[Site "https://www.chess.com"]

[Event "Titled Tuesday Blitz April 12 Early 2022"]
[White "Savchenko, Boris"]
[Black "Taspinar, Yanki"]
[WhiteFideId "4147332"]
[BlackFideId "34561188"]
[WhiteElo "2557"]
[BlackElo "1518"]
[Result "0-1"]
[Round "01"]
[TimeControl "180+1"]
[Date "2022.04.13"]
[WhiteClock "0:00:46"]
[BlackClock "0:00:30"]

1. e4 e5 2. Nf3 Nc6 3. Bc4 Nf6 4. d3 Bc5 5. c3 d6 6. b4 Bb6 7. a4 a5 8. b5 Ne7 9. O-O h6 10. Re1 O-O 11. Nbd2 c6 12. Nf1 Ng6 13. Ng3 d5 14. exd5 cxd5 15. Bb3 Re8 16. Be3 Bg4 17. h3 Bxe3 18. hxg4 Bb6 19. Nh2 Rc8 20. Rc1 Qd6 21. Nf5 Qc5 22. d4 exd4 23. Rxe8+ Rxe8 24. Nxd4 Ne4 25. Nhf3 Nf4 26. Qc2 Rc8 27. Ne5 Nxc3 28. Qf5 Nce2+ 29. Kh2 Qxc1 30. Qxf7+ Kh8 31. Nxe2 Nxe2 32. Nf3 Qf4+ 33. Qxf4 Nxf4 34. Ne5 Bxf2 35. g3 Ne2 36. Kg2 Bxg3 37. Nf7+ Kh7 38. Bxd5 Nf4+ 39. Kxg3 Nxd5 40. Nd6 Rc3+ 41. Kf2 b6 0-1


[Site "https://www.chess.com"]

[Event "Titled Tuesday Blitz April 12 Early 2022"]
[White "Seo, Jung Min"]
[Black "Marcziter, Dmitrii"]
[WhiteFideId "1734687"]
[BlackFideId "13900765"]
[WhiteElo "2401"]
[BlackElo "2155"]
[Result "1-0"]
[Round "01"]
[TimeControl "180+1"]
[Date "2022.04.13"]
[WhiteClock "0:01:12"]
[BlackClock "0:00:41"]

1. d4 Nf6 2. c4 g6 3. Nc3 Bg7 4. e4 d6 5. Nf3 O-O 6. Be2 Na6 7. O-O c5 8. d5 e6 9. h3 Re8 10. Nd2 Nc7 11. Re1 a6 12. a4 Rb8 13. Bf1 exd5 14. exd5 Rxe1 15. Qxe1 b5 16. axb5 axb5 17. cxb5 Ncxd5 18. Nc4 Nb4 19. Qd1 d5 20. Bf4 Rb7 21. Nd6 Rd7 22. Ra8 Rxd6 23. Bxd6 Qxd6 24. Rxc8+ Bf8 25. Qf3 Kg7 26. g3 Be7 27. h4 h5 28. Ra8 c4 29. Ra1 Qe5 30. Qe2 Qd6 31. Rd1 Bd8 32. Qxc4 Bb6 33. Qf4 Qc5 34. Kg2 Ng4 35. Rd2 d4 36. Ne4 Qd5 37. Qf3 Ne5 38. Qf6+ Kg8 39. f3 Bd8 40. Qd6 Qxd6 41. Nxd6 d3 42. f4 Ng4 43. Bxd3 Bb6 44. Nc4 Be3 45. Nxe3 Nxe3+ 46. Kf3 Ned5 47. Be4 Nb6 48. b3 Kf8 49. Rd6 Nc8 50. Rd8+ 1-0


[Site "https://www.chess.com"]

[Event "Titled Tuesday Blitz April 12 Early 2022"]
[White "Seul, Georg"]
[Black "Rudykh, Stepan"]
[WhiteFideId "4601653"]
[BlackFideId "4180321"]
[WhiteElo "2271"]
[BlackElo "2138"]
[Result "1-0"]
[Round "01"]
[TimeControl "180+1"]
[Date "2022.04.13"]
[WhiteClock "0:00:12"]
[BlackClock "0:00:29"]

1. e4 e6 2. d4 d5 3. e5 c5 4. c3 Nc6 5. Nf3 Bd7 6. Be2 Qb6 7. O-O Rc8 8. dxc5 Bxc5 9. b4 Bf8 10. Bf4 Nge7 11. Nbd2 a6 12. a4 Ng6 13. Bg3 Qc7 14. Re1 Ncxe5 15. Nxe5 Nxe5 16. Bxa6 Bd6 17. Bxb7 Qxb7 18. Bxe5 Bxe5 19. Rxe5 Rxc3 20. b5 f6 21. Re1 O-O 22. Nf3 e5 23. Qd2 Rfc8 24. Rec1 d4 25. h4 Bg4 26. Nh2 Bf5 27. Nf1 Rc2 28. Rxc2 Rxc2 29. Qb4 Qe4 30. Ng3 Qxh4 31. b6 Be4 32. b7 Bxb7 33. Qb3+ Bd5 34. Qxc2 h6 35. a5 e4 36. Qc5 Qg5 37. Qxd4 f5 38. Qxd5+ 1-0


[Site "https://www.chess.com"]

[Event "Titled Tuesday Blitz April 12 Early 2022"]
[White "Shimanov, Aleksandr"]
[Black "Akhmedinov, Satbek"]
[WhiteFideId "4198603"]
[BlackFideId "13714287"]
[WhiteElo "2636"]
[BlackElo "1889"]
[Result "1-0"]
[Round "01"]
[TimeControl "180+1"]
[Date "2022.04.12"]
[WhiteClock "0:00:09"]
[BlackClock "0:00:02"]

1. d4 Nf6 2. Nc3 d5 3. Bf4 g6 4. Nb5 Na6 5. e3 c6 6. Nc3 Bg7 7. Bxa6 bxa6 8. Nf3 O-O 9. h3 a5 10. O-O Ba6 11. Re1 Nd7 12. e4 Nb6 13. b3 Rc8 14. Qd2 c5 15. e5 a4 16. Nd1 c4 17. Ne3 c3 18. Qc1 h5 19. g4 Qd7 20. Kg2 f6 21. e6 Qe8 22. gxh5 g5 23. Bh2 Qxh5 24. Nf5 Rce8 25. Qe3 Qg6 26. Nxg7 Kxg7 27. Qxc3 Rh8 28. Bg3 Qf5 29. Ng1 Rc8 30. Qa5 Bb7 31. Qxa7 Rxc2 32. Qxb7 Nc8 33. Rac1 Rxc1 34. Rxc1 Qe4+ 35. Kh2 Qxe6 36. Qc6 Qf5 37. Re1 g4 38. h4 Kg6 39. Qe6 Nd6 40. Qxf5+ Nxf5 41. bxa4 Ra8 42. Ne2 Rxa4 43. Nf4+ Kf7 44. Nxd5 Rxa2 45. Rd1 e6 46. Nf4 Ne3 47. Rd3 Nf5 48. d5 e5 49. Ne6 Ra6 50. Rb3 Kg6 51. Rb8 Nd6 52. Rg8+ Kf5 53. h5 e4 54. h6 Ra7 55. Rg7 Ra2 56. h7 e3 57. h8=Q e2 58. Qh7# 1-0


[Site "https://www.chess.com"]

[Event "Titled Tuesday Blitz April 12 Early 2022"]
[White "Shtyka, Sergey"]
[Black "Sychev, Klementy"]
[WhiteFideId "4138465"]
[BlackFideId "4114060"]
[WhiteElo "2453"]
[BlackElo "2836"]
[Result "0-1"]
[Round "01"]
[TimeControl "180+1"]
[Date "2022.04.13"]
[WhiteClock "0:00:29"]
[BlackClock "0:00:26"]

1. e4 c5 2. Nf3 d6 3. d4 cxd4 4. Nxd4 Nf6 5. Nc3 a6 6. Bc4 e6 7. O-O b5 8. Bd3 Bb7 9. a3 Be7 10. Be3 O-O 11. f4 Nbd7 12. Qf3 Nc5 13. Rae1 Rc8 14. Kh1 g6 15. Bf2 d5 16. e5 Nfe4 17. Nb1 Nxf2+ 18. Qxf2 Bh4 19. g3 Ne4 20. Qe3 Be7 21. Nd2 Bc5 22. c3 Nxd2 23. Qxd2 Qb6 24. Bb1 a5 25. f5 exf5 26. e6 fxe6 27. Rxe6 Qxe6 28. Nxe6 d4+ 29. Qg2 Bxg2+ 30. Kxg2 dxc3 31. Nxf8 Bxf8 32. bxc3 Rxc3 33. a4 bxa4 34. Rf4 a3 35. Rf2 Bc5 36. Rd2 Kf8 37. Ba2 Bb4 38. Re2 Rd3 39. Kh3 Kg7 40. Kh4 Kh6 41. Kh3 Kg5 42. Bg8 h5 43. Bf7 Rd7 44. Be8 Re7 45. Rxe7 Bxe7 46. Bf7 Kf6 47. Ba2 Ke5 48. Kg2 Kd4 0-1


[Site "https://www.chess.com"]

[Event "Titled Tuesday Blitz April 12 Early 2022"]
[White "Sjugirov, Sanan"]
[Black "Aggelis, Nikolaos"]
[WhiteFideId "4189302"]
[BlackFideId "4213220"]
[WhiteElo "2602"]
[BlackElo "2154"]
[Result "1-0"]
[Round "01"]
[TimeControl "180+1"]
[Date "2022.04.12"]
[WhiteClock "0:00:58"]
[BlackClock "0:01:36"]

1. d4 Nf6 2. c4 g6 3. Nc3 d5 4. cxd5 Nxd5 5. e4 Nxc3 6. bxc3 Bg7 7. Bc4 b6 8. Ne2 Bb7 9. f3 c5 10. Be3 O-O 11. O-O Nc6 12. Rc1 Rc8 13. Qd2 Qc7 14. Bh6 Rfd8 15. Bxg7 Kxg7 16. Qe3 Na5 17. Bd3 cxd4 18. cxd4 Qd7 19. h4 Rxc1 20. Rxc1 Rc8 21. h5 Rxc1+ 22. Qxc1 Qc6 23. h6+ Kg8 24. Qf4 Qd6 25. Qxd6 exd6 26. d5 Kf8 27. Kf2 Bc8 28. Nd4 Bd7 29. Ke3 f6 30. g4 Ke7 31. Ba6 Kf7 32. Kd3 g5 33. Bb5 Bxb5+ 34. Nxb5 Nb7 35. Nxa7 Kg6 36. Kc4 Kxh6 37. Nc8 Kg6 38. Kb5 h5 39. gxh5+ Kxh5 40. Kxb6 Nc5 41. Nxd6 Nd3 42. a4 g4 43. fxg4+ Kxg4 44. a5 Nb4 45. Ne8 Kf4 46. d6 Ke5 47. d7 1-0


[Site "https://www.chess.com"]

[Event "Titled Tuesday Blitz April 12 Early 2022"]
[White "Skliarov, Viktor"]
[Black "Shevtchenko, Olesya"]
[WhiteFideId "14106736"]
[BlackFideId "24131890"]
[WhiteElo "2229"]
[BlackElo "2003"]
[Result "1-0"]
[Round "01"]
[TimeControl "180+1"]
[Date "2022.04.13"]
[WhiteClock "0:00:10"]
[BlackClock "0:00:06"]

1. e4 c5 2. Nf3 d6 3. d4 cxd4 4. Qxd4 Nf6 5. Nc3 Nc6 6. Bb5 Bd7 7. Bxc6 Bxc6 8. Bg5 Rc8 9. Bxf6 gxf6 10. Qxa7 Rg8 11. O-O Qd7 12. Qe3 h5 13. Nd4 h4 14. Nxc6 bxc6 15. h3 Bh6 16. Qf3 Qe6 17. Rfe1 Qe5 18. Rad1 Rb8 19. b3 Rg6 20. a4 Kd7 21. Qf5+ Qxf5 22. exf5 Rg5 23. Re4 Rbg8 24. Rxh4 Rxg2+ 25. Kf1 Rg1+ 26. Ke2 Rxd1 27. Nxd1 Bg5 28. Rb4 Rh8 29. Rb7+ Kc8 30. Rxe7 Rxh3 31. Rxf7 Rh4 32. Ne3 Re4 33. Kd3 d5 34. a5 Kb8 35. a6 Rf4 36. Rb7+ Ka8 37. Rc7 Rxf2 38. Rxc6 Ka7 39. Nxd5 Rd2+ 40. Ke4 Re2+ 41. Kf3 Rd2 42. Nxf6 Bxf6 43. Rxf6 Rxc2 44. b4 Rb2 45. Re6 Rxb4 46. Re4 Rb1 47. Kf4 Kxa6 48. f6 Kb6 49. Ke5 Kc6 50. Ke6 Rf1 51. Rc4+ Kb5 52. Rc2 Rf4 53. f7 Rf3 54. Ke7 Kb6 55. f8=Q Rxf8 56. Kxf8 1-0


[Site "https://www.chess.com"]

[Event "Titled Tuesday Blitz April 12 Early 2022"]
[White "Skytte, Rasmus"]
[Black "Palachev, Petr"]
[WhiteFideId "1404210"]
[BlackFideId "24129003"]
[WhiteElo "2430"]
[BlackElo "2339"]
[Result "0-1"]
[Round "01"]
[TimeControl "180+1"]
[Date "2022.04.13"]
[WhiteClock "0:01:51"]
[BlackClock "0:02:23"]

1. e4 c6 2. d4 d5 3. e5 Bf5 4. Nc3 e6 5. g4 Bg6 6. Nge2 f6 7. h4 fxe5 8. h5 Bf7 9. dxe5 c5 10. f4 Nc6 11. Ng3 Qb6 12. Bb5 O-O-O 13. Bxc6 Qxc6 14. b3 c4 15. Bb2 Bb4 16. a3 Bxc3+ 17. Bxc3 cxb3 18. O-O Qxc3 19. cxb3 Qxg3+ 0-1


[Site "https://www.chess.com"]

[Event "Titled Tuesday Blitz April 12 Early 2022"]
[White "Stanisz, Patryk"]
[Black "Maevsky, Nikolay"]
[WhiteFideId "1123106"]
[BlackFideId "4198220"]
[WhiteElo "1833"]
[BlackElo "2126"]
[Result "0-1"]
[Round "01"]
[TimeControl "180+1"]
[Date "2022.04.13"]
[WhiteClock "0:00:02"]
[BlackClock "0:00:44"]

1. d4 d5 2. c4 Nc6 3. Nf3 Bg4 4. cxd5 Bxf3 5. gxf3 Qxd5 6. e3 e5 7. Nc3 Bb4 8. Bd2 Bxc3 9. bxc3 Qd6 10. Qb3 b6 11. Bb5 O-O-O 12. Qxf7 Nge7 13. Qb3 Nf5 14. Ke2 exd4 15. Bxc6 d3+ 16. Kd1 Qxc6 17. e4 Nh4 18. Bg5 Nxf3 19. Bxd8 Qxe4 20. Kc1 Qf4+ 21. Kb2 Rxd8 22. Rad1 Ne5 23. Rhe1 Qxf2+ 24. Ka1 Nf3 25. Rf1 Qe2 26. Qb5 Kb7 27. Qf5 Nxh2 28. Rfe1 Qc2 29. Qe4+ Kb8 30. Qb4 d2 31. Rf1 Nxf1 32. Rxf1 d1=R+ 33. Rxd1 Rxd1+ 34. Qb1 Rxb1# 0-1


[Site "https://www.chess.com"]

[Event "Titled Tuesday Blitz April 12 Early 2022"]
[White "Stromboli, Ettore"]
[Black "Rustemov, Alexander"]
[WhiteFideId "813761"]
[BlackFideId "4119002"]
[WhiteElo "2414"]
[BlackElo "2827"]
[Result "0-1"]
[Round "01"]
[TimeControl "180+1"]
[Date "2022.04.13"]
[WhiteClock "0:00:10"]
[BlackClock "0:00:10"]

1. e4 e6 2. d4 d5 3. e5 Bd7 4. Bd3 c5 5. c3 Qb6 6. Nf3 cxd4 7. Nxd4 Ne7 8. O-O Nbc6 9. Nxc6 Nxc6 10. Qe2 f6 11. exf6 gxf6 12. Qh5+ Kd8 13. Nd2 Kc7 14. Nb3 Ne5 15. Be3 Qd6 16. Be2 Rc8 17. Bc5 Qc6 18. Bxf8 Rcxf8 19. Nd4 Qd6 20. Bb5 Kb8 21. Bxd7 Qxd7 22. Qh3 Re8 23. Rfe1 Rhg8 24. Re2 Qf7 25. Rae1 h5 26. f4 Ng4 27. Rxe6 Rxe6 28. Rxe6 Qh7 29. f5 h4 30. Qf3 Qc7 31. g3 hxg3 32. hxg3 Qh7 33. Qg2 Rh8 34. Re2 Qh6 35. Re1 Ne3 36. Qf2 Qh1# 0-1


[Site "https://www.chess.com"]

[Event "Titled Tuesday Blitz April 12 Early 2022"]
[White "Suarez Uriel, Adrian"]
[Black "Ahmadzada, Ahmad"]
[WhiteFideId "22230874"]
[BlackFideId "13413007"]
[WhiteElo "2316"]
[BlackElo "2228"]
[Result "0-1"]
[Round "01"]
[TimeControl "180+1"]
[Date "2022.04.13"]
[WhiteClock "0:00:02"]
[BlackClock "0:00:05"]

1. e4 d5 2. exd5 Qxd5 3. Nc3 Qd8 4. Bc4 Nf6 5. Nf3 Bf5 6. Ne5 e6 7. d4 Nbd7 8. g4 Bg6 9. Qe2 Nxe5 10. dxe5 Nd5 11. Bxd5 exd5 12. h4 h5 13. e6 Bb4 14. exf7+ Kxf7 15. Qf3+ Kg8 16. Bg5 Qe8+ 17. Kd2 Be4 18. Qf4 Bxh1 19. Rxh1 Bxc3+ 20. bxc3 Qe4 21. Qxe4 dxe4 22. gxh5 Rxh5 23. Ke3 Kf7 24. Rd1 Ke6 25. Kxe4 Rhh8 26. f4 g6 27. Rd5 Rae8 28. c4 Rh7 29. Ra5 a6 30. f5+ gxf5+ 31. Rxf5 Rf7 32. Re5+ Kd7 33. Rxe8 Kxe8 34. h5 Rf2 35. Bf4 Rxc2 36. Kd4 Rxa2 37. h6 Ra1 38. Bxc7 Rh1 39. Bf4 Ke7 40. Kc5 Kd7 41. Kb6 Kc8 42. c5 Rb1+ 43. Ka7 Kd7 44. Be5 Rh1 45. Kxb7 Rxh6 46. Bf4 Rc6 47. Bd2 Rxc5 48. Kxa6 Kc6 49. Ka7 Rc4 50. Ka8 Kc7 51. Be3 Re4 52. Bc5 Re5 53. Bd4 Re8+ 54. Ka7 Re4 55. Bb6+ Kc6 56. Bf2 Rf4 57. Bg3 Rf7+ 58. Ka8 Rf3 59. Be5 Ra3+ 60. Kb8 Ra4 61. Bg3 Ra3 62. Bh2 Rb3+ 0-1


[Site "https://www.chess.com"]

[Event "Titled Tuesday Blitz April 12 Early 2022"]
[White "Subelj, Jan"]
[Black "Nakamura, Hikaru"]
[WhiteFideId "14618583"]
[BlackFideId "2016192"]
[WhiteElo "2306"]
[BlackElo "2850"]
[Result "0-1"]
[Round "01"]
[TimeControl "180+1"]
[Date "2022.04.12"]
[WhiteClock "0:00:02"]
[BlackClock "0:01:19"]

1. e4 g6 2. d4 Bg7 3. c3 d6 4. Bd3 Nd7 5. Nf3 e5 6. O-O Ngf6 7. h3 O-O 8. Re1 Re8 9. Nbd2 a6 10. Nf1 exd4 11. cxd4 c5 12. Bc2 cxd4 13. Nxd4 d5 14. exd5 Rxe1 15. Qxe1 Nxd5 16. Nf3 N7f6 17. Bg5 h6 18. Bh4 Qb6 19. Rd1 Be6 20. Bb3 Re8 21. Bxf6 Nxf6 22. Bxe6 Rxe6 23. Qd2 Ne4 24. Qd8+ Bf8 25. Qxb6 Rxb6 26. N1d2 Rd6 27. Kf1 Bg7 28. Ke2 Nxd2 29. Nxd2 Bxb2 30. Rb1 Bd4 31. Rxb7 Bxf2 32. Ne4 Re6 33. Kf3 Bb6 34. Rd7 f5 35. Nd6 Bc5 36. Nc4 Re4 37. Nd2 Re3+ 38. Kf4 Re2 39. Nb3 Bg1 0-1


[Site "https://www.chess.com"]

[Event "Titled Tuesday Blitz April 12 Early 2022"]
[White "Tanenbaum, Zachary"]
[Black "Almeida Junior, Alvaro Alves de"]
[WhiteFideId "2060850"]
[BlackFideId "2149974"]
[WhiteElo "2168"]
[BlackElo "2086"]
[Result "1-0"]
[Round "01"]
[TimeControl "180+1"]
[Date "2022.04.13"]
[WhiteClock "0:01:49"]
[BlackClock "0:01:04"]

1. e4 c5 2. Nf3 d6 3. d4 cxd4 4. Nxd4 Nf6 5. Nc3 a6 6. Be3 e5 7. Nb3 Be6 8. h3 Nbd7 9. g4 Nb6 10. g5 Nfd7 11. Qd2 Rc8 12. O-O-O Qc7 13. Kb1 Nc4 14. Bxc4 Bxc4 15. h4 b5 16. h5 b4 17. Nd5 Bxd5 18. Qxd5 Qc6 19. Qd3 Be7 20. g6 hxg6 21. hxg6 Rxh1 22. gxf7+ Kxf7 23. Rxh1 a5 24. Nxa5 Qa8 25. Nc4 Nf6 26. Nb6 Qc6 27. Qb3+ Kg6 28. Nxc8 Qxc8 29. Rg1+ Kh7 30. Qf7 1-0


[Site "https://www.chess.com"]

[Event "Titled Tuesday Blitz April 12 Early 2022"]
[White "Tari, Aryan"]
[Black "Ianov, Viktor"]
[WhiteFideId "1510045"]
[BlackFideId "14102730"]
[WhiteElo "2567"]
[BlackElo "2161"]
[Result "1-0"]
[Round "01"]
[TimeControl "180+1"]
[Date "2022.04.12"]
[WhiteClock "0:00:15"]
[BlackClock "0:00:29"]

1. c4 d6 2. g3 g6 3. Bg2 Bg7 4. Nc3 Nf6 5. e3 O-O 6. Nge2 c5 7. O-O Nc6 8. d4 Bg4 9. b3 Qd7 10. Bb2 Bh3 11. Qd2 Bxg2 12. Kxg2 cxd4 13. exd4 d5 14. Rad1 Rfd8 15. Na4 b6 16. h3 Ne4 17. Qe3 e6 18. Nac3 Nxc3 19. Bxc3 Rac8 20. Nf4 Ne7 21. Qe2 dxc4 22. bxc4 b5 23. Ba5 Rxc4 24. Bxd8 Qxd8 25. d5 Nxd5 26. Nxd5 exd5 27. Rfe1 Bf8 28. Qf3 d4 29. Re5 a6 30. Rd5 Qe7 31. R5xd4 Rxd4 32. Rxd4 Kg7 33. h4 Qe6 34. Qd5 Qxd5+ 35. Rxd5 h5 36. Rd7 Bc5 37. Rc7 Bd4 38. Rc6 a5 39. Rd6 Bc3 40. Ra6 a4 41. f4 f5 42. Kf3 Kf7 43. Ke3 Be1 44. Kf3 Kg7 45. Re6 Bc3 46. Rc6 b4 47. Ra6 a3 48. Ke3 Kf7 49. Kd3 Be1 50. Rb6 Bxg3 51. Rxb4 Bxh4 52. Ra4 Be7 53. Kd4 h4 54. Ke3 Kg7 55. Ra7 Kf6 56. Ra6+ Kg7 57. Kf3 Kh6 58. Kg2 Kh5 59. Kh3 g5 60. fxg5 Kxg5 61. Ra7 Bd6 62. Rg7+ Kf6 63. Rg8 Kf7 64. Rg5 Ke6 65. Rg6+ Kd5 66. Kxh4 Be5 67. Rb6 Ke4 68. Kh3 f4 69. Kg2 f3+ 70. Kf1 Bd4 71. Rb4 Kd3 72. Rb3+ Bc3 73. Rxa3 Kc2 74. Rb3 Bd4 75. Rxf3 Kb2 76. a4 Bb6 77. Ke2 Ba5 78. Rd3 Bb4 79. Kf3 Bc3 80. Ke4 Ba5 81. Kd5 1-0


[Site "https://www.chess.com"]

[Event "Titled Tuesday Blitz April 12 Early 2022"]
[White "Tregubov, Pavel V."]
[Black "Hoffmann, Asa"]
[WhiteFideId "4115341"]
[BlackFideId "2001470"]
[WhiteElo "2341"]
[BlackElo "2117"]
[Result "1-0"]
[Round "01"]
[TimeControl "180+1"]
[Date "2022.04.13"]
[WhiteClock "0:00:54"]
[BlackClock "0:01:02"]

1. e4 d6 2. d4 c6 3. Nf3 Bg4 4. h3 Bh5 5. g4 Bg6 6. Bd3 Nf6 7. Qe2 e6 8. g5 Nh5 9. Nh4 Be7 10. Rg1 Qb6 11. c3 Nd7 12. Na3 d5 13. Nxg6 hxg6 14. Nc2 O-O-O 15. a4 Qc7 16. a5 e5 17. exd5 cxd5 18. a6 exd4 19. axb7+ Kb8 20. Nxd4 Bc5 21. Be3 Rhe8 22. Rg4 Ne5 23. Rh4 Bxd4 24. cxd4 Nc6 25. Bb5 Qb6 26. Ra6 Nxd4 27. Rxd4 Qxd4 28. Bxd4 Rxe2+ 29. Kxe2 Nf4+ 30. Ke3 Ne6 31. Bc6 1-0


[Site "https://www.chess.com"]

[Event "Titled Tuesday Blitz April 12 Early 2022"]
[White "Vlassov, Nikolai"]
[Black "Lach, Aleksandra"]
[WhiteFideId "4103360"]
[BlackFideId "1134299"]
[WhiteElo "2407"]
[BlackElo "2172"]
[Result "1-0"]
[Round "01"]
[TimeControl "180+1"]
[Date "2022.04.13"]
[WhiteClock "0:01:49"]
[BlackClock "0:01:06"]

1. e4 c5 2. c3 d5 3. exd5 Qxd5 4. d4 g6 5. dxc5 Qxc5 6. Be3 Qc7 7. Bxa7 Rxa7 8. Qd4 Nc6 9. Qxh8 Nf6 10. Nf3 Qb6 11. b3 Qc5 12. Bc4 b5 13. Be2 Bf5 14. O-O g5 15. a4 b4 16. cxb4 Nxb4 17. Bb5+ Bd7 18. Na3 g4 19. Rac1 Rc7 20. Rxc5 Rxc5 21. Nd4 Rg5 22. Re1 Rg8 23. Qxf6 1-0


[Site "https://www.chess.com"]

[Event "Titled Tuesday Blitz April 12 Early 2022"]
[White "Vokhidov, Shamsiddin"]
[Black "Kadam, Om Manish"]
[WhiteFideId "14204223"]
[BlackFideId "45076294"]
[WhiteElo "2611"]
[BlackElo "1729"]
[Result "1-0"]
[Round "01"]
[TimeControl "180+1"]
[Date "2022.04.12"]
[WhiteClock "0:02:13"]
[BlackClock "0:00:39"]

1. e4 c6 2. d4 d5 3. e5 c5 4. Nf3 Nc6 5. dxc5 Bg4 6. c3 e6 7. b4 Nxe5 8. Qa4+ Nd7 9. Ne5 Bf5 10. Bb5 Nf6 11. Bg5 a6 12. Bxd7+ Ke7 13. c6 b5 14. Qd1 h6 15. Qd4 Qb8 16. Qc5+ Kd8 17. Nxf7+ Kc7 18. Bf4+ 1-0


[Site "https://www.chess.com"]

[Event "Titled Tuesday Blitz April 12 Early 2022"]
[White "Vusatiuk, Vladimir"]
[Black "Steil-Antoni, Fiona"]
[WhiteFideId "14118610"]
[BlackFideId "4001249"]
[WhiteElo "2157"]
[BlackElo "2059"]
[Result "1-0"]
[Round "01"]
[TimeControl "180+1"]
[Date "2022.04.13"]
[WhiteClock "0:00:11"]
[BlackClock "0:00:05"]

1. d4 d6 2. e4 Nd7 3. c4 Ngf6 4. Nc3 e5 5. Nf3 Be7 6. g3 O-O 7. Bg2 c6 8. O-O Re8 9. h3 Bf8 10. Be3 exd4 11. Nxd4 Ne5 12. b3 Ng6 13. Qc2 Be6 14. Rad1 Qc7 15. f4 Bd7 16. Bf2 Rad8 17. Kh2 a6 18. Rfe1 Bc8 19. a4 h5 20. Qb2 h4 21. Nf3 hxg3+ 22. Bxg3 Nh5 23. Qc1 Nxg3 24. Kxg3 Qe7 25. h4 Qf6 26. h5 Ne7 27. Rh1 g6 28. hxg6 Qxg6+ 29. Kf2 Bg7 30. Rdg1 Qf6 31. Bf1 Ng6 32. Ne2 d5 33. f5 Bxf5 34. exf5 Qxf5 35. Nd4 Bxd4+ 36. Kg2 Bg7 37. Qd1 Re4 38. Bd3 Rg4+ 39. Kf2 Qf4 40. Rxg4 Qxg4 41. Rg1 Qf4 42. Bxg6 fxg6 43. Rxg6 Rf8 44. Qd3 Kh8 45. Rg2 Bd4+ 46. Ke2 Re8+ 47. Kd1 Bg7 48. Rh2+ Kg8 49. Qh7+ Kf8 50. Qh5 Qf7 51. Qg4 Qe7 52. Qf4+ Kg8 53. Rd2 Qe6 54. Qg3 Qf6 55. Kc1 Qa1+ 56. Kc2 Qb2+ 57. Kd1 Qa1+ 58. Kc2 Qf6 59. Kc1 Kf7 60. Kc2 Bh6 61. Rd1 Qg6+ 62. Qxg6+ Kxg6 63. Nd4 Bg7 64. cxd5 cxd5 65. Nf3 Rc8+ 66. Kb1 d4 67. Nxd4 Rd8 68. Rg1+ Kf7 69. Rxg7+ Kxg7 70. Ne6+ Kf7 71. Nxd8+ Ke7 72. Nxb7 Kd7 73. Nc5+ Kc6 74. Nxa6 Kb6 75. Nb8 1-0


[Site "https://www.chess.com"]

[Event "Titled Tuesday Blitz April 12 Early 2022"]
[White "Wagh Suyog"]
[Black "Fernandez Siles, Luis"]
[WhiteFideId "25071688"]
[BlackFideId "2209420"]
[WhiteElo "2181"]
[BlackElo "2212"]
[Result "1-0"]
[Round "01"]
[TimeControl "180+1"]
[Date "2022.04.13"]
[WhiteClock "0:00:07"]
[BlackClock "0:00:03"]

1. e4 e5 2. Nf3 Nf6 3. d4 Nxe4 4. dxe5 d5 5. Bd3 Be7 6. Bf4 O-O 7. Nbd2 f5 8. exf6 Bxf6 9. Nxe4 dxe4 10. Bc4+ Kh8 11. Ne5 Qe7 12. Qd5 Nc6 13. Nf7+ Kg8 14. Nd6+ Kh8 15. Nxc8 Raxc8 16. O-O Bxb2 17. Bg5 Bf6 18. h4 Rcd8 19. Qb5 h6 20. Be3 Bxa1 21. Rxa1 Ne5 22. Bb3 c6 23. Qa5 Qd7 24. Qxe5 Rf5 25. Qxe4 Rdf8 26. Re1 Qc7 27. g3 Rf3 28. c3 Rxg3+ 29. Kf1 Rh3 30. Bc2 g6 31. Bd4+ Kg8 32. Qxg6+ 1-0


[Site "https://www.chess.com"]

[Event "Titled Tuesday Blitz April 12 Early 2022"]
[White "Wesolowska, Hanna"]
[Black "Ozer, Omer Faruk"]
[WhiteFideId "1104683"]
[BlackFideId "6354564"]
[WhiteElo "2313"]
[BlackElo "2050"]
[Result "0-1"]
[Round "01"]
[TimeControl "180+1"]
[Date "2022.04.13"]
[WhiteClock "0:00:16"]
[BlackClock "0:00:45"]

1. e4 e5 2. Nf3 Nc6 3. d4 exd4 4. Bc4 Nf6 5. e5 Ne4 6. O-O Be7 7. Re1 Nc5 8. Nxd4 Nxd4 9. Qxd4 O-O 10. Nc3 c6 11. Ne4 Nxe4 12. Qxe4 d5 13. exd6 Bxd6 14. Bd3 g6 15. Bh6 Bf5 16. Qf3 Bxh2+ 17. Kxh2 Qh4+ 18. Kg1 Qxh6 19. Bxf5 gxf5 20. Qxf5 Rad8 21. Re3 Rd6 22. Rh3 Qg7 23. Re1 Rg6 24. g3 Qxb2 25. Re5 Rd8 26. Rxh7 Qc1+ 27. Kg2 Kxh7 28. Qxf7+ Kh6 29. Re7 Rh8 30. Qf5 Qg5 31. Qh3+ Qh5 32. Qd7 Qd5+ 33. Qxd5 cxd5 0-1


[Site "https://www.chess.com"]

[Event "Titled Tuesday Blitz April 12 Early 2022"]
[White "Zakhartsov, Vladimir"]
[Black "Pourkashiyan, Atousa"]
[WhiteFideId "4145097"]
[BlackFideId "12502014"]
[WhiteElo "2491"]
[BlackElo "2247"]
[Result "1-0"]
[Round "01"]
[TimeControl "180+1"]
[Date "2022.04.13"]
[WhiteClock "0:00:39"]
[BlackClock "0:00:09"]

1. d4 Nf6 2. c4 e6 3. Nf3 d5 4. g3 Be7 5. Bg2 O-O 6. O-O dxc4 7. Qc2 a6 8. Qxc4 b5 9. Qc2 Bb7 10. Bd2 Be4 11. Qc1 Nbd7 12. Ba5 Ra7 13. Nbd2 Bd5 14. b4 Qa8 15. Qc2 Nb6 16. Rfe1 Ne4 17. a3 Nxd2 18. Qxd2 Nc4 19. Qc2 Nxa5 20. bxa5 c5 21. e4 Bb7 22. dxc5 Rc8 23. a4 Rxc5 24. Qb3 Bxe4 25. axb5 Rxb5 26. Qe3 Bc5 27. Qxe4 Qxe4 28. Rxe4 Rb2 29. Rf1 Rd7 30. Rc4 Rb5 31. Ne5 Rd2 32. Nc6 f6 33. Be4 g6 34. Rc2 Rd6 35. Rfc1 f5 36. Rxc5 Rxc5 37. Rxc5 fxe4 38. Nb4 Kf7 39. Rc6 Rd1+ 40. Kg2 Rd2 41. Kf1 Rd1+ 42. Ke2 Rh1 43. h4 Rb1 44. Nxa6 Rb2+ 45. Ke3 Kf6 46. Nc5 Kf5 47. Nxe4 Ra2 48. Rc5+ e5 49. Nc3 Ra3 50. f4 Kg4 51. fxe5 Kxg3 52. e6 Kxh4 53. e7 Ra1 54. e8=Q Re1+ 55. Ne2 1-0


[Site "https://www.chess.com"]